 Dungeon Crawl Stone Soup version 0.27-a0-223-ge082b6e869 (webtiles) character file.

Game seed: 3187221686205552403

89 wakim the Insei (level 4, -2/33 HPs)
             Began as a Merfolk Transmuter on Feb 1, 2021.
             Was an Initiate of Makhleb.
             Slain by Crazy Yiuf
             ... wielding a +4 quarterstaff of chaos
              (3 damage)
             ... on level 2 of the Dungeon.
             The game lasted 00:04:51 (1585 turns).

wakim the Insei (Merfolk Transmuter)                Turns: 1585, Time: 00:04:52

Health: -2/33      AC:  3    Str: 10    XL:     4   Next: 55%
Magic:  7/7        EV: 13    Int: 13    God:    Makhleb [......]
Gold:   81         SH:  0    Dex: 14    Spells: 4/7 levels left

rFire    . . .     SeeInvis .   o - +3 short sword
rCold    . . .     Faith    .   (no shield)
rNeg     . . .     Spirit   .   a - +0 robe
rPois    .         Reflect  .   (no helmet)
rElec    .         Harm     .   (no cloak)
rCorr    .         Rampage  .   (no gloves)
Will     .....                  f - +0 pair of boots
Stlth    ++........             (no amulet)
HPRegen  0.11/turn              i - ring of stealth
MPRegen  0.10/turn              (no ring)

@: no status effects
A: change form in water, swift swim, stealthy swim
a: Renounce Religion


You were on level 2 of the Dungeon.
You worshipped Makhleb.
Makhleb was noncommittal.
You visited 1 branch of the dungeon, and saw 2 of its levels.

You collected 81 gold pieces.

Inventory:

Hand Weapons
 d - a +0 dagger of venom
 o - a +3 short sword (weapon)
Armour
 a - a +0 robe (worn)
 f - a +0 pair of boots (worn)
Jewellery
 i - a ring of stealth (left hand)
 k - a cursed ring of positive energy {unknown}
Scrolls
 b - a scroll of amnesia {unknown}
 e - a scroll of remove curse {unknown}
 g - a scroll of blinking {unknown}
 h - 2 scrolls of enchant armour {unknown}
 j - 2 scrolls of identify {unknown}
 m - 3 scrolls of teleportation {unknown}
 n - a scroll of enchant weapon {unknown}
Potions
 c - 2 potions of heal wounds
 l - a potion of brilliance {unknown}


   Skills:
 + Level 1.9 Fighting
 + Level 3.4 Dodging
 * Level 4.1 Unarmed Combat
 + Level 2.4 Spellcasting
 * Level 4.0 Transmutations


You had 4 spell levels left.
You knew the following spells:

 Your Spells              Type           Power        Failure   Level
a - Beastly Appendage     Tmut           24%          4%          1
b - Wereblood             Tmut           12%          7%          2

Your spell library contained the following spells:

 Spells                   Type           Power        Failure   Level
 Spider Form              Tmut/Pois      3%           32%         3
 Ice Form                 Ice/Tmut       6%           71%         4
 Blade Hands              Tmut           6%           78%         5


Dungeon Overview and Level Annotations

Branches:
Dungeon (2/15)

Altars:
Cheibriados
Makhleb
Ru
Wu Jian

Annotations:
D:2 Crazy Yiuf


Message History

Crazy Yiuf sings, "Trees, trees, trees, circus!"
Crazy Yiuf misses you.
You barely miss Crazy Yiuf.
Crazy Yiuf is moderately wounded.
Crazy Yiuf says, "Sif Muna sing light!"
Crazy Yiuf barely misses you.
You hit Crazy Yiuf but do no damage.
Crazy Yiuf is moderately wounded.
Crazy Yiuf closely misses you.
You hit Crazy Yiuf.
Crazy Yiuf is heavily wounded.
Crazy Yiuf hits you with a +4 quarterstaff of chaos.
* * * LOW HITPOINT WARNING * * *
Crazy Yiuf burns you.
* * * LOW HITPOINT WARNING * * *
You hit Crazy Yiuf but do no damage.
Crazy Yiuf is heavily wounded.
Crazy Yiuf laughs, "Cake broken tired!"
Crazy Yiuf hits you with a +4 quarterstaff of chaos.
You die...

##......# ##......# ####
##......### #####†.. ''......'.#
#...'... ##......### ##.##...
##......### ♣♣♣♣♣###(##...
##........# #### ♣♣♣.♣....#.##...
##........# #...#♣..♣.PP....##...
########..# #..g@.♣♣♣♣......##...
#..# #)..#♣♣ ♣♣P....##...
########..# #### ♣♣##..##...
.......#..# #..##... .......#..#
#..##...
.......#..################..#####
............................#
......#####..........##....[#
......# ##########.##.....# #


You could see Crazy Yiuf.

Vanquished Creatures
  3 adders (D:2)
  A worm (D:2)
  3 dart slugs (D:1)
  3 leopard geckos
  A ball python (D:2)
  5 bats
  3 giant cockroaches
  11 hobgoblins
  6 kobolds
  A quokka (D:2)
  A frilled lizard (D:1)
  3 goblins
  8 rats
49 creatures vanquished.

Notes
Turn   | Place    | Note
-------+----------+-------------------------------------------
     0 | D:1      | wakim the Merfolk Transmuter began the quest for the Orb.
     0 | D:1      | Reached XP level 1. HP: 15/15 MP: 3/3
   110 | D:1      | Reached XP level 2. HP: 21/21 MP: 3/5
   305 | D:1      | Learned a level 2 spell: Wereblood
   402 | D:1      | Reached XP level 3. HP: 26/26 MP: 6/6
   857 | D:2      | Found a burning altar of Makhleb.
   862 | D:2      | Found an ornate altar of the Wu Jian Council.
   871 | D:2      | Found a snail-covered altar of Cheibriados.
   884 | D:2      | Found a sacrificial altar of Ru.
   896 | D:2      | Became a worshipper of Makhleb the Destroyer
   973 | D:2      | Reached XP level 4. HP: 18/33 MP: 7/7
  1572 | D:2      | Found a runed translucent door.
  1573 | D:2      | Noticed Crazy Yiuf
  1584 | D:2      | HP: 1/33 [Crazy Yiuf/+4 quarterstaff of chaos (2)]
  1585 | D:2      | Slain by Crazy Yiuf

Illustrated notes

Levels and vault maps discovered:
D:1:      dpeg_arrival_houses_and_road, layout_basic
D:2:      minmay_angry_zag, layout_basic, grunt_temple_overflow_cloverleaf,
          minmay_bisected, uniq_crazy_yiuf_cottage

Skill      XL: |  1  2  3  4 |
---------------+-------------+-----
Transmutations | 3 4 |  4.0
Dodging        | 3 |  3.4
Unarmed Combat | 4 |  4.1
Fighting       | |  1.9
Spellcasting   | |  2.4

Action                   |  1- 3 |  4- 6 || total
-------------------------+-------+-------++-------
Melee: Unarmed           |    19 |       ||    19
       Headbutt          |     2 |       ||     2
       Dagger            |    75 |    32 ||   107
       Punch             |     2 |     1 ||     3
       Short sword       |       |    32 ||    32
 Cast: Beastly Appendage |     5 |       ||     5
  Use: Potion            |       |     1 ||     1
 Stab: Sleeping          |     4 |     2 ||     6
Armor: Robe              |    23 |     8 ||    31
Dodge: Dodged            |    78 |    32 ||   110

Table legend: (Time is in decaauts)
 A = Elapsed time spent in this place.
 B = Non-inter-level travel time spent in this place.
 C = Inter-level travel time spent in this place.
 D = Time resting spent in this place.
 E = Time spent auto-exploring this place.
 F = Levels seen in this place.
 G = Mean time per level.
                   A        B        C        D        E       F      G
               +--------+--------+--------+--------+--------+-----+--------+
         Total |   1585 |   1573 |     12 |    535 |    566 |   2 |  792.5 |
       Dungeon |   1585 |   1573 |     12 |    535 |    566 |   2 |  792.5 |
               +--------+--------+--------+--------+--------+-----+--------+

Top non-repeatable levels by time:
     D:2: 1022 daAuts
     D:1: 562 daAuts
